 Dungeon Crawl Stone Soup version 0.25.1-2-g60ff931df9 (webtiles) character file.

Game seed: 3843126668138555130

1619 Almogavar the Archer (level 8, -8/67 HPs)
             Began as a Centaur Hunter on Sept 20, 2020.
             Was an Initiate of Okawaru.
             Hit by a large rock thrown by a cyclops (34 damage)
             ... on level 7 of the Dungeon.
             The game lasted 00:35:50 (8113 turns).

Almogavar the Archer (Centaur Hunter)               Turns: 8113, Time: 00:35:51

Health: -8/67      AC: 10    Str: 15    XL:     8   Next: 64%
Magic:  8/8        EV: 10    Int: 10    God:    Okawaru [......]
Gold:   253        SH:  0    Dex: 12    Spells: 7/7 levels left

rFire    . . .     SeeInvis .   b - +0 short sword
rCold    . . .     Gourm    .   (no shield)
rNeg     . . .     Faith    .   c - +0 leather armour
rPois    +         Spirit   .   s - +0 helmet
rElec    .         Reflect  .   l - +0 cloak
rCorr    .         Harm     .   D - +2 pair of gloves
MR       .....                  (no barding)
Stlth    +.........             (no amulet)
HPRegen  0.21/turn              y - ring of flight
MPRegen  0.11/turn              I - ring of poison resistance

@: very quick
A: large, hooves 3, deformed body, speed 2, tough skin 3
a: Renounce Religion, Evoke Flight


You were on level 7 of the Dungeon.
You worshipped Okawaru.
Okawaru was noncommittal.
You were hungry.

You visited 2 branches of the dungeon, and saw 8 of its levels.

You collected 253 gold pieces.

Inventory:

Hand Weapons
 a - a +1 shortbow
 b - a +0 short sword (weapon)
Missiles
 n - 2 javelins (quivered)
 z - 4 arrows
Armour
 c - a +0 leather armour (worn)
 l - a +0 cloak (worn)
 m - a +0 chain mail
 s - a +0 helmet (worn)
 v - a +0 scale mail
 w - a +0 ring mail
 D - a +2 pair of gloves (worn)
Jewellery
 y - a ring of flight (left hand)
 E - an uncursed ring of magical power
 I - a ring of poison resistance (right hand)
Wands
 x - a wand of random effects (28)
 A - a wand of iceblast (7)
Scrolls
 i - 5 scrolls of teleportation
 j - 2 scrolls of magic mapping
 o - 4 scrolls of remove curse
 p - 2 scrolls of enchant weapon
 t - a scroll of enchant armour {unknown}
 B - a scroll of blinking {unknown}
 C - a scroll of immolation {unknown}
 F - a scroll of amnesia {unknown}
 J - a scroll of identify
Potions
 d - a potion of invisibility
 e - 5 potions of might
 g - 5 potions of curing
 h - a potion of degeneration {unknown}
 k - a potion of heal wounds {unknown}
 q - 2 potions of ambrosia {unknown}
 r - a potion of lignification {unknown}
 u - a potion of magic {unknown}
 G - a potion of haste {unknown}
Comestibles
 f - 14 rations
 H - 4 chunks of flesh


   Skills:
 + Level 4.9 Fighting
 + Level 4.4 Short Blades
 + Level 10.0 Bows
 + Level 2.8 Armour
 + Level 3.1 Dodging
 - Level 0.4 Stealth


You had 7 spell levels left.
You didn't know any spells.
Your spell library was empty.

Dungeon Overview and Level Annotations

Branches:
Dungeon (7/15)             Temple (1/1) D:7

Altars:
Dithmenos
Hepliaklqana
Okawaru
Trog
Vehumet

Annotations:
D:3 3 runed translucent doors, McIrco's ghost, amateur HuFi


Innate Abilities, Weirdness & Mutations

You have hooves in place of feet.
Armour fits poorly on your strangely shaped body.
You cover ground very quickly.
You have extremely tough skin. (AC +3)


Message History

z - an arrow The hungry ghost hits you.
You are feeling hungry.
You see here an arrow.
z - 2 arrows (gained 1)
You see here an arrow.
z - 3 arrows (gained 1)
The cyclops throws a large rock.
The large rock hits you!
You see here a javelin.
n - a javelin The cyclops throws a large rock.
The large rock barely misses you. The hungry ghost completely misses you.
Things that are here:
a large rock; a javelin; an arrow
z - 4 arrows (gained 1);
n - 2 javelins (gained 1)
The hungry ghost misses you.
The cyclops throws a large rock.
The large rock hits you!!
The cyclops throws a large rock.
The large rock hits you!!
Ouch! That really hurt!
You die...

.......................#
..............÷...C....#
..............†........#
.......................#
.......................#
.......................#
.......................#
.........>......$......#
................@.W....#
.......................#
.......................#
.......................#
.......................#
.......................#
(......................#
########################


You could see a cyclops and a hungry ghost.

Vanquished Creatures
  2 sky beasts (D:5)
  A necrophage (D:5)
  An ice beast (D:6)
  2 ogres (D:7)
  A bullfrog (D:7)
  A scorpion (D:7)
  2 bullfrog zombies
  A hound (D:5)
  A quasit (D:7)
  A centaur zombie (D:2)
  3 crimson imps
  A jelly (D:7)
  2 orc wizards (D:4)
  A bullfrog skeleton (D:5)
  An iguana (D:7)
  8 worker ants
  Natasha (thrice) (D:3)
  2 hound skeletons
  Robin (D:3)
  8 gnolls
  6 adders
  A shadow imp (D:5)
  3 oozes
  An adder skeleton (D:4)
  3 worms
  A dart slug (D:1)
  7 leopard geckos
  11 orcs
  5 giant cockroaches
  15 goblins
  14 hobgoblins
  3 jackals (D:4)
  4 quokkas
  A ball python (D:3)
  6 bats
  2 frilled lizards (D:2)
  A jackal skeleton (D:4)
  2 kobolds
  2 leopard gecko skeletons
  4 rats
135 creatures vanquished.

Notes
Turn   | Place    | Note
-------+----------+-------------------------------------------
     0 | D:1      | Almogavar the Centaur Hunter began the quest for the Orb.
     0 | D:1      | Reached XP level 1. HP: 17/17 MP: 1/1
   395 | D:1      | Reached XP level 2. HP: 24/24 MP: 2/2
   421 | D:1      | Reached skill level 6 in Bows
   542 | D:1      | Reached XP level 3. HP: 29/29 MP: 3/3
  1275 | D:2      | Reached XP level 4. HP: 15/37 MP: 4/4
  1522 | D:2      | Reached skill level 1 in Short Blades
  1552 | D:2      | Reached skill level 7 in Bows
  1733 | D:3      | Noticed McIrco's ghost (amateur HuFi)
  1791 | D:3      | Found a runed translucent gate.
  1793 | D:3      | Found a runed translucent gate.
  1794 | D:3      | Found a runed translucent gate.
  2002 | D:3      | Noticed Natasha
  2016 | D:3      | Killed Natasha
  2124 | D:3      | Noticed Natasha
  2173 | D:3      | Killed Natasha
  2173 | D:3      | Reached XP level 5. HP: 22/44 MP: 5/5
  2370 | D:3      | Noticed Robin
  2381 | D:3      | Killed Robin
  2400 | D:3      | Reached skill level 1 in Armour
  2624 | D:3      | Noticed Natasha
  2632 | D:3      | Killed Natasha
  3735 | D:4      | Reached XP level 6. HP: 51/51 MP: 6/6
  4802 | D:5      | Entered Level 5 of the Dungeon
  4904 | D:5      | Reached skill level 8 in Bows
  5020 | D:5      | Noticed a sky beast
  5042 | D:5      | Killed a sky beast
  5042 | D:5      | Reached XP level 7. HP: 32/57 MP: 7/7
  6601 | D:6      | Reached XP level 8. HP: 11/67 MP: 8/8
  6985 | D:6      | Reached skill level 9 in Bows
  7420 | D:7      | Found a bloodstained altar of Trog.
  7582 | D:7      | Found a staircase to the Ecumenical Temple.
  7638 | Temple   | Entered the Ecumenical Temple
  7672 | Temple   | Became a worshipper of Warmaster Okawaru
  7996 | D:7      | Reached skill level 10 in Bows
  8094 | D:7      | Noticed a cyclops
  8113 | D:7      | Hit by a large rock thrown by a cyclops

Illustrated notes

Levels and vault maps discovered:
D:1:      tarquinn_simple_flora_water_b, layout_rooms, minmay_door_square,
          minmay_misc_feat_columns
D:2:      layout_basic, first_ration, interstate_on_off
D:3:      layout_loops_corners, gammafunk_ghost_icy, uniq_natasha, uniq_robin
D:4:      layout_loops_ring, kennysheep_generic_room_5
D:5:      layout_basic
D:6:      cheibrodos_quashed, layout_rooms
D:7:      layout_basic, lemuel_crystal_altar, minmay_temple_entry_stoned_glass,
          kennysheep_generic_room_11
Temple:   dpeg_five_rooms_temple

Skill      XL: |  1  2  3  4  5  6  7  8 |
---------------+-------------------------+-----
Bows           | 6 7 8 10 | 10.0
Short Blades   | 1 2 3 4 |  4.4
Armour         | 1 2 |  2.8
Fighting       | 3 4 |  4.9
Dodging        | 2 3 |  3.1
Stealth        | |  0.4

Action                   |  1- 3 |  4- 6 |  7- 9 || total
-------------------------+-------+-------+-------++-------
Melee: Short sword       |    56 |   225 |   182 ||   463
       Kick              |     9 |    56 |    42 ||   107
 Fire: Shortbow          |    59 |    71 |    88 ||   218
Throw: Javelin           |       |     7 |    10 ||    17
  Use: Scroll            |     3 |     2 |     1 ||     6
       Potion            |       |     1 |       ||     1
 Stab: Distracted        |       |     1 |       ||     1
  Eat: Chunk             |       |    11 |     5 ||    16
       Ration            |       |       |     1 ||     1
Armor: Leather armour    |    28 |    59 |    86 ||   173
Dodge: Dodged            |    26 |    82 |    90 ||   198
